 Dungeon Crawl Stone Soup version 0.29.1-15-g9cfb28693d (webtiles) character file.

Game seed: 9548683312377506235

84 kingofthe the Sneak (level 4, 0/24 HPs)
             Began as a Kobold Enchanter on Mar 13, 2023.
             Succumbed to an adder's poison
             ... on level 2 of the Dungeon.
             The game lasted 00:03:34 (1429 turns).

kingofthe the Sneak (Kobold Enchanter)              Turns: 1429, Time: 00:03:35

Health: 0/24       AC:  2    Str:  5    XL:     4   Next: 74%
Magic:  0/8        EV: 16    Int: 16    God:
Gold:   70         SH:  0    Dex: 17    Spells: 6/8 levels left

rFire   . . .      SeeInvis .   a - +1 dagger
rCold   . . .      Faith    .   (no shield)
rNeg    . . .      Spirit   .   j - +0 robe
rPois   .          Reflect  .   (no helmet)
rElec   .          Harm     .   (no cloak)
rCorr   .          Rampage  .   (no gloves)
Will    .....                   (no boots)
Stlth   ++++......              (no amulet)
HPRegen 0.08/turn               (no ring)
MPRegen 0.11/turn               (no ring)

@: lethally poisoned (0 -> -3)
A: small, no large weapons, nightstalker 3
a: no special abilities


You were on level 2 of the Dungeon.
You visited 1 branch of the dungeon, and saw 2 of its levels.

You collected 70 gold pieces.


Innate Abilities, Weirdness & Mutations

You are small and have problems with some larger weapons.
You are completely attuned to the shadows.


   Skills:
 - Level 1.3 Short Blades
 * Level 3.7 Dodging
 * Level 5.1 Stealth
 + Level 2.8 Spellcasting
 + Level 3.4 Hexes


You had 6 spell levels left.
You knew the following spells:

 Your Spells              Type           Power      Damage    Failure   Level
a - Ensorcelled Hibernat  Hex/Ice        14%        N/A       14%         2

Your spell library contained the following spells:

 Spells                   Type           Power      Damage    Failure   Level
 Confusing Touch          Hex            13%        N/A       14%         3
 Tukima's Dance           Hex            13%        N/A       14%         3
 Dazzling Flash           Conj/Hex       14%        N/A       28%         3

Inventory:

Hand Weapons
 a - a +1 dagger (weapon)
 b - a +0 sling
Armour
 j - a +0 robe (worn)
Jewellery
 I - a +6 ring of intelligence
Scrolls
 d - 3 scrolls of teleportation {unknown}
 f - a scroll of enchant armour {unknown}
 g - 4 scrolls of identify {unknown}
 h - a scroll of enchant weapon {unknown}
 i - a scroll of fog {unknown}
Potions
 c - 2 potions of invisibility

Dungeon Overview and Level Annotations

Branches:
Dungeon (2/15)

Altars:

...#...### ##.##
#..# ##.##..#
##..# #.## #. ...
#..## ##.# ##
..#####.## #..#
......# #.##
...#.## #[#
##....### #.#
#.....(########S##
##...#.@SS...#...#
##...######.....#
##### ##....#
##...# #...# #####


You could see an adder and a ball python.


Message History

You miscast Ensorcelled Hibernation.
Nothing appears to happen.
The adder bites you but does no damage. The adder attacks as you move away!
The adder closely misses you. The adder misses you.
You see here a +0 ring mail.
The adder attacks as you move away! The adder barely misses you.
The adder closely misses you. The adder misses you.
The adder attacks as you move away! The adder bites you.
* * * LOW HITPOINT WARNING * * *
The adder closely misses you.
Casting: Ensorcelled Hibernation (safe; 14% risk of failure)
Confirm with . or Enter, or press ? or * to list all spells.
Aiming: Ensorcelled Hibernation (safe; 14% risk of failure)
Press: ? - help, Shift-Dir - straight line, f/p - adder
Aim: an adder (chance to affect: 50%)
The adder resists with some effort.
The adder misses you.
Your magical contamination has completely faded away.
You miss the adder. The adder misses you. The adder closely misses you.
You hit the adder.
The adder is lightly wounded.
The adder closely misses you.
You completely miss the adder.
The adder is lightly wounded.
The adder bites you.
* * * LOW HITPOINT WARNING * * *
You are lethally poisoned!
The adder poisons you!
It was a potion of cancellation.
You feel magically purged.
You die...

Skill      XL: |  1  2  3 |
---------------+----------+-----
Dodging        | 3 |  3.7
Stealth        | 5 |  5.1
Short Blades   | |  1.3
Spellcasting   | |  2.8
Hexes          | |  3.4

Action                   |  1- 3 |  4- 6 || total
-------------------------+-------+-------++-------
Melee: Dagger            |    64 |    29 ||    93
       Punch             |       |     1 ||     1
 Cast: Ensorcelled Hiber |     2 |     4 ||     6
  Use: Potion            |       |     1 ||     1
 Stab: Sleeping          |    19 |     7 ||    26
Armor: Robe              |     6 |     2 ||     8
Dodge: Dodged            |    28 |    26 ||    54

Levels and vault maps discovered:
D:1:      elethiomel_arrival_shortcut, layout_basic
D:2:      layout_rooms, uniq_crazy_yiuf_cottage, uniq_jessica

Notes
Turn   | Place    | Note
-------+----------+-------------------------------------------
     0 | D:1      | kingofthe the Kobold Enchanter began the quest for the Orb.
     0 | D:1      | Reached XP level 1. HP: 10/10 MP: 3/3
   361 | D:1      | Reached XP level 2. HP: 15/15 MP: 5/5
   365 | D:1      | Learned a level 2 spell: Ensorcelled Hibernation
   542 | D:1      | Reached skill level 3 in Dodging
   696 | D:1      | Reached XP level 3. HP: 19/19 MP: 6/6
  1234 | D:2      | Noticed Jessica
  1239 | D:2      | Killed Jessica
  1240 | D:2      | Reached skill level 5 in Stealth
  1240 | D:2      | Reached XP level 4. HP: 24/24 MP: 6/8
  1428 | D:2      | HP: 1/24 [adder (2)]
  1429 | D:2      | Succumbed to an adder's poison

Vanquished Creatures
  Jessica (D:2)
  An adder (D:2)
  2 worms (D:2)
  2 dart slugs (D:1)
  2 ball pythons (D:1)
  3 endoplasms
  2 giant cockroaches (D:1)
  5 goblins
  3 hobgoblins
  2 quokkas
  5 bats
  A frilled lizard (D:2)
  9 kobolds (D:1)
38 creatures vanquished.

Table legend: (Time is in decaauts)
 A = Elapsed time spent in this place.
 B = Non-inter-level travel time spent in this place.
 C = Inter-level travel time spent in this place.
 D = Time resting spent in this place.
 E = Time spent auto-exploring this place.
 F = Levels seen in this place.
 G = Mean time per level.
                   A        B        C        D        E       F      G
               +--------+--------+--------+--------+--------+-----+--------+
         Total |   1422 |   1400 |     22 |    131 |   1011 |   2 |  711.0 |
       Dungeon |   1422 |   1400 |     22 |    131 |   1011 |   2 |  711.0 |
               +--------+--------+--------+--------+--------+-----+--------+

Top non-repeatable levels by time:
     D:1: 1213 daAuts
     D:2: 209 daAuts

Table legend:
 A = Non-vault XP
 B = Vault XP
 C = Vault XP percentage of total XP
 D = Non-vault monster count
 E = Vault monster count
 F = Vault count percentage of total count
                 A         B        C        D         E       F
            +---------+---------+-------+---------+---------+-------
      Total |      84 |      37 |  30.6 |      37 |       1 |   2.6
            +---------+---------+-------+---------+---------+-------
        D:1 |      46 |       0 |   0.0 |      26 |       0 |   0.0
        D:2 |      38 |      37 |  49.3 |      11 |       1 |   8.3
            +---------+---------+-------+---------+---------+-------
